3L
MONTANA PANDAS @ HOUSTON 1837 COLT .45S
08/17/2021
 
TOP OF THE 1ST
Montana Pandas batting - Pitching for Houston 1837 Colt .45s : RHP Dave Goode
Pitching: RHP Dave Goode
Batting: RHB John Farrell 0-0: Ball
1-0: Swinging Strike
1-1: Swinging Strike
1-2: Foul Ball, location: 2F
1-2: Strikes out swinging
Batting: LHB Jeff Lee 0-0: Ball
1-0: Called Strike
1-1: Ball
2-1: Foul Ball, location: 2F
2-2: Strikes out swinging
Batting: LHB Andrés Ibarra 0-0: Called Strike
0-1: Ball
1-1: Called Strike
1-2: Ball
2-2: Ground out 5-3 (Groundball, 56S)
Top of the 1st over - 0 run(s), 0 hit(s), 0 error(s), 0 left on base; Montana 0 - Houston 1837 0
BOTTOM OF THE 1ST
Houston 1837 Colt .45s batting - Pitching for Montana Pandas : LHP Dan Mitchell
Pitching: LHP Dan Mitchell
Batting: RHB Bob Dickerson 0-0: Foul Ball, location: 2F
0-1: Ball
1-1: Foul Ball, location: 2F
1-2: Ground out 1-3 (Groundball, 25)
Batting: LHB Mark McClear 0-0: Called Strike
0-1: Ball
1-1: Fly out, F7 (Flyball, 7M)
Batting: RHB Steve Hinkle 0-0: Foul Ball, location: 2F
0-1: Ground out 6-3 (Groundball, 6M)
Bottom of the 1st over - 0 run(s), 0 hit(s), 0 error(s), 0 left on base; Montana 0 - Houston 1837 0
TOP OF THE 2ND
Montana Pandas batting - Pitching for Houston 1837 Colt .45s : RHP Dave Goode
Batting: LHB Steve Riggs 0-0: Ball
1-0: Swinging Strike
1-1: DOUBLE (Popup, 7LS)
Batting: LHB Luis Costello 0-0: Foul Ball, location: 2F
0-1: Foul Ball, location: 2F
0-2: Ball
1-2: Ball
2-2: Ball
Wild Pitch!
Steve Riggs to third
3-2: Base on Balls
Batting: LHB Tomás Guillén 0-0: Ball
1-0: Called Strike
1-1: Ball
2-1: Fly out, F3 (Popup, 3S)
Batting: RHB Ron Ward 0-0: Called Strike
0-1: SINGLE (Line Drive, 6M)
Steve Riggs scores
Luis Costello to second
Batting: LHB Albert González 0-0: Ball
1-0: Reached on error, E4 (Groundball, 4)
Luis Costello to third
Ron Ward to second
Batting: RHB Pancho Salaedo 0-0: Fly out, F8 (Flyball, 8LD)
Runner from 3rd tags up, SCORES, no throw
Batting: RHB John Farrell 0-0: Called Strike
0-1: Ground out 5-3 (Groundball, 5S)
Top of the 2nd over - 2 run(s), 2 hit(s), 1 error(s), 2 left on base; Montana 2 - Houston 1837 0
BOTTOM OF THE 2ND
Houston 1837 Colt .45s batting - Pitching for Montana Pandas : LHP Dan Mitchell
Batting: RHB Guillermo Montoya 0-0: Ball
1-0: Foul Ball, location: 2F
1-1: Ball
2-1: Foul Ball, location: 2F
2-2: Ball
3-2: Foul Ball, location: 2F
3-2: Base on Balls
Batting: LHB Jack Robbins 0-0: Ball
1-0: Fly out, F7 (Flyball, 7LM)
Batting: RHB Rob Warner 0-0: Ball
1-0: Ground out 5-3 (Groundball, 5S)
Guillermo Montoya to second
Batting: LHB Juan Rodríguez 0-0: Called Strike
0-1: Ball
1-1: Foul Ball, location: 2F
1-2: 2-RUN HOME RUN (Flyball, 78XD) (Inside the Park)
Batting: LHB Mike Hanson 0-0: Called Strike
0-1: Foul Ball, location: 2F
0-2: Ball
1-2: Ball
2-2: Ground out 4-3 (Groundball, 4)
Bottom of the 2nd over - 2 run(s), 1 hit(s), 0 error(s), 0 left on base; Montana 2 - Houston 1837 2
TOP OF THE 3RD
Montana Pandas batting - Pitching for Houston 1837 Colt .45s : RHP Dave Goode
Batting: LHB Jeff Lee 0-0: Foul Ball, location: 2F
0-1: Foul Ball, location: 2F
0-2: Fly out, F8 (Flyball, 8RD)
Batting: LHB Andrés Ibarra 0-0: Ball
1-0: Called Strike
1-1: Called Strike
1-2: Foul Ball, location: 2F
1-2: Foul Ball, location: 2F
1-2: Strikes out swinging
Batting: LHB Steve Riggs 0-0: Ball
1-0: Foul Ball, location: 2F
1-1: Foul Ball, location: 2F
1-2: Foul Ball, location: 2F
1-2: Ball
2-2: Ball
3-2: Foul Ball, location: 2F
3-2: Foul Ball, location: 2F
3-2: Foul Ball, location: 2F
3-2: Strikes out swinging
Top of the 3rd over - 0 run(s), 0 hit(s), 0 error(s), 0 left on base; Montana 2 - Houston 1837 2
BOTTOM OF THE 3RD
Houston 1837 Colt .45s batting - Pitching for Montana Pandas : LHP Dan Mitchell
Batting: LHB Brad Lawrence 0-0: Ball
1-0: Called Strike
1-1: Swinging Strike
1-2: Strikes out looking
Batting: RHB Bob Dickerson 0-0: Foul Ball, location: 2F
0-1: Ball
1-1: Ground out 1-3 (Groundball, 15)
Batting: LHB Mark McClear 0-0: Ball
1-0: Called Strike
1-1: Ball
2-1: Called Strike
2-2: Ball
3-2: DOUBLE (Line Drive, 78D)
Batting: RHB Steve Hinkle 0-0: Swinging Strike
0-1: Ground out 5-3 (Groundball, 5S)
Bottom of the 3rd over - 0 run(s), 1 hit(s), 0 error(s), 1 left on base; Montana 2 - Houston 1837 2
TOP OF THE 4TH
Montana Pandas batting - Pitching for Houston 1837 Colt .45s : RHP Dave Goode
Pitching: RHP Dave Ponsonby
Batting: LHB Luis Costello 0-0: Swinging Strike
0-1: Foul Ball, location: 2F
0-2: Strikes out looking
Batting: LHB Tomás Guillén 0-0: Swinging Strike
0-1: Swinging Strike
0-2: Ball
1-2: Foul Ball, location: 2F
1-2: Ball
2-2: Strikes out swinging
Batting: RHB Ron Ward 0-0: Ball
1-0: Called Strike
1-1: Foul Ball, location: 2F
1-2: Strikes out swinging
Top of the 4th over - 0 run(s), 0 hit(s), 0 error(s), 0 left on base; Montana 2 - Houston 1837 2
BOTTOM OF THE 4TH
Houston 1837 Colt .45s batting - Pitching for Montana Pandas : LHP Dan Mitchell
Batting: RHB Guillermo Montoya 0-0: Reached on error, E5 (Groundball, 5)
Batting: LHB Jack Robbins 0-0: Called Strike
0-1: Ball
1-1: Ball
2-1: Foul Ball, location: 2F
2-2: Reached on error, E6 (Groundball, 6M)
Guillermo Montoya to second
Batting: RHB Rob Warner 0-0: Called Strike
0-1: Ball
1-1: Reached on error, E5 (Groundball, 56)
Guillermo Montoya to third
Jack Robbins to second
Batting: LHB Juan Rodríguez 0-0: Called Strike
0-1: Fly out, F7 (Flyball, 7S)
Batting: LHB Mike Hanson 0-0: Called Strike
0-1: Ball
1-1: Foul Ball, location: 2F
1-2: Strikes out swinging
Batting: LHB Brad Lawrence 0-0: Called Strike
0-1: Ball
1-1: Foul Ball, location: 2F
1-2: Ball
2-2: Strikes out swinging
Bottom of the 4th over - 0 run(s), 0 hit(s), 3 error(s), 3 left on base; Montana 2 - Houston 1837 2
TOP OF THE 5TH
Montana Pandas batting - Pitching for Houston 1837 Colt .45s : RHP Dave Ponsonby
Batting: LHB Albert González 0-0: Ground out 6-3 (Groundball, 6M)
Batting: RHB Pancho Salaedo 0-0: Foul Ball, location: 2F
0-1: Ball
1-1: Swinging Strike
1-2: SINGLE (Flyball, 8RS)
Batting: RHB John Farrell 0-0: Called Strike
0-1: Fly out, F5 (Popup, 5F)
Batting: LHB Jeff Lee 0-0: Fly out, F5 (Popup, 56)
Top of the 5th over - 0 run(s), 1 hit(s), 0 error(s), 1 left on base; Montana 2 - Houston 1837 2
BOTTOM OF THE 5TH
Houston 1837 Colt .45s batting - Pitching for Montana Pandas : LHP Dan Mitchell
Batting: RHB Bob Dickerson 0-0: Called Strike
0-1: Ball
1-1: Foul Ball, location: 2F
1-2: Ball
2-2: SOLO HOME RUN (Flyball, 7LD), Distance : 352 ft
Pitching: LHP Hank Downey
Batting: LHB Mark McClear 0-0: Ball
1-0: Ball
2-0: Ball
3-0: Base on Balls
Batting: RHB Steve Hinkle 0-0: Ball
1-0: Foul Ball, location: 2F
1-1: Swinging Strike
1-2: Strikes out swinging
Batting: RHB Guillermo Montoya 0-0: Ball
1-0: Called Strike
1-1: Ball
2-1: Ground out 4-3 (Groundball, 4M)
Mark McClear to second
Batting: LHB Jack Robbins 0-0: Ball
1-0: Called Strike
1-1: Ball
2-1: Ball
3-1: Foul Ball, location: 2F
3-2: Ground out 4-3 (Groundball, 4M)
Bottom of the 5th over - 1 run(s), 1 hit(s), 0 error(s), 1 left on base; Montana 2 - Houston 1837 3
TOP OF THE 6TH
Montana Pandas batting - Pitching for Houston 1837 Colt .45s : RHP Dave Ponsonby
Batting: LHB Andrés Ibarra 0-0: Called Strike
0-1: Ball
1-1: Foul Ball, location: 2F
1-2: Foul Ball, location: 2F
1-2: Foul Ball, location: 2F
1-2: Foul Ball, location: 2F
1-2: Ball
2-2: Ball
3-2: Ground out 1-3 (Groundball, 25)
Batting: LHB Steve Riggs 0-0: Ball
1-0: Ball
2-0: Called Strike
2-1: Ball
3-1: Fly out, F4 (Popup, 4D)
Batting: LHB Luis Costello 0-0: Called Strike
0-1: Ball
1-1: Ball
2-1: Ball
3-1: Fly out, F8 (Flyball, 8LD)
Top of the 6th over - 0 run(s), 0 hit(s), 0 error(s), 0 left on base; Montana 2 - Houston 1837 3
BOTTOM OF THE 6TH
Houston 1837 Colt .45s batting - Pitching for Montana Pandas : LHP Hank Downey
Batting: RHB Rob Warner 0-0: Fly out, F9 (Flyball, 9LS)
Batting: LHB Juan Rodríguez 0-0: Called Strike
0-1: Foul Ball, location: 2F
0-2: Foul Ball, location: 2F
0-2: Ball
1-2: Ball
2-2: Strikes out swinging
Batting: LHB Mike Hanson 0-0: Called Strike
0-1: Fly out, F2 (Popup, 23F)
Bottom of the 6th over - 0 run(s), 0 hit(s), 0 error(s), 0 left on base; Montana 2 - Houston 1837 3
TOP OF THE 7TH
Montana Pandas batting - Pitching for Houston 1837 Colt .45s : RHP Dave Ponsonby
Batting: LHB Tomás Guillén 0-0: Swinging Strike
0-1: Swinging Strike
0-2: Ground out 5-3 (Groundball, 56S)
Batting: RHB Ron Ward 0-0: Fly out, F9 (Flyball, 89D)
Batting: LHB Albert González 0-0: Called Strike
0-1: Foul Ball, location: 2F
0-2: Ball
1-2: Foul Ball, location: 2F
1-2: Fly out, F8 (Flyball, 8LM)
Top of the 7th over - 0 run(s), 0 hit(s), 0 error(s), 0 left on base; Montana 2 - Houston 1837 3
BOTTOM OF THE 7TH
Houston 1837 Colt .45s batting - Pitching for Montana Pandas : LHP Hank Downey
Batting: LHB Brad Lawrence 0-0: SINGLE (Groundball, 4M)
Batting: RHB Bob Dickerson 0-0: Ball
1-0: Ball
2-0: Fly out, F6 (Popup, 6M)
Batting: LHB Mark McClear 0-0: Ball
1-0: Called Strike
1-1: Called Strike
1-2: Foul Ball, location: 2F
1-2: Strikes out swinging
Batting: RHB Steve Hinkle 0-0: Ball
1-0: Foul Ball, location: 2F
1-1: Called Strike
1-2: Strikes out swinging
Bottom of the 7th over - 0 run(s), 1 hit(s), 0 error(s), 1 left on base; Montana 2 - Houston 1837 3
TOP OF THE 8TH
Montana Pandas batting - Pitching for Houston 1837 Colt .45s : RHP Dave Ponsonby
Pitching: RHP Nelle Liefting
Batting: RHB Pancho Salaedo 0-0: Ball
1-0: Called Strike
1-1: Swinging Strike
1-2: SINGLE (Groundball, 6MD)
Batting: RHB John Farrell 0-0: Called Strike
0-1: Swinging Strike
0-2: Foul Ball, location: 2F
0-2: Foul Ball, location: 2F
0-2: Foul Ball, location: 2F
0-2: Strikes out swinging
Pitching: LHP Jeff Burrell
Batting: LHB Jeff Lee 0-0: SINGLE (Line Drive, 34D)
Pancho Salaedo to second
Batting: LHB Andrés Ibarra 0-0: Called Strike
0-1: Called Strike
0-2: Ball
1-2: Ball
2-2: Ball
3-2: Fly out, F4 (Popup, 4S)
Batting: LHB Steve Riggs 0-0: Called Strike
0-1: Ball
1-1: Fielders Choice at 2nd, U4 (Groundball, 4M)
Top of the 8th over - 0 run(s), 2 hit(s), 0 error(s), 2 left on base; Montana 2 - Houston 1837 3
BOTTOM OF THE 8TH
Houston 1837 Colt .45s batting - Pitching for Montana Pandas : LHP Hank Downey
Pitching: RHP Rubén Sánchez
Batting: RHB Guillermo Montoya 0-0: Ball
1-0: Ball
2-0: SINGLE (Groundball, 4MD)
Batting: LHB Jack Robbins 0-0: Called Strike
0-1: Called Strike
0-2: Ball
1-2: Foul Ball, location: 2F
1-2: DOUBLE (Flyball, 78D)
Guillermo Montoya to third
Batting: RHB Rob Warner 0-0: Ball
1-0: Ball
2-0: Ball
3-0: Base on Balls
Pinch Hitting: LHB Luis Rodríguez 0-0: Ball
1-0: SINGLE (Line Drive, 89M)
Guillermo Montoya scores
Jack Robbins to third
Rob Warner to second
Pinch Hitting: LHB Chris Rice 0-0: Ball
1-0: Foul Ball, location: 2F
1-1: Swinging Strike
1-2: Ball
2-2: Ball
3-2: SINGLE (Groundball, 4)
Jack Robbins scores
Rob Warner to third
Luis Rodríguez to second
Pitching: RHP Jorge Cantú
Batting: LHB Brad Lawrence 0-0: DOUBLE (Flyball, 89S)
Rob Warner scores
Luis Rodríguez scores
Chris Rice to third
Batting: RHB Bob Dickerson 0-0: Swinging Strike
0-1: Ball
1-1: Called Strike
1-2: Ground out 6-3 (Groundball, 6M)
Chris Rice scores
Brad Lawrence to third
Batting: LHB Mark McClear 0-0: Swinging Strike
0-1: Ball
1-1: Swinging Strike
1-2: Ball
2-2: Fly out, F4 (Popup, 3D)
Batting: RHB Steve Hinkle 0-0: Foul Ball, location: 2F
0-1: Fly out, F8 (Flyball, 8LD)
Bottom of the 8th over - 5 run(s), 5 hit(s), 0 error(s), 1 left on base; Montana 2 - Houston 1837 8
TOP OF THE 9TH
Montana Pandas batting - Pitching for Houston 1837 Colt .45s : LHP Jeff Burrell
Now at 1B: Chris Rice
Now in LF: Ray Merrill
Batting: LHB Luis Costello 0-0: Ball
1-0: Swinging Strike
1-1: Ball
2-1: Ball
3-1: SINGLE (Groundball, 6MD)
Batting: LHB Tomás Guillén 0-0: Foul Ball, location: 2F
0-1: Ball
1-1: Ball
2-1: Ball
3-1: Foul Ball, location: 2F
3-2: Strikes out swinging
Batting: RHB Ron Ward 0-0: Called Strike
0-1: Fielders Choice at 2nd, 5-4 (Groundball, 56)
Batting: LHB Albert González 0-0: Fly out, F7 (Flyball, 78S)
Top of the 9th over - 0 run(s), 1 hit(s), 0 error(s), 1 left on base; Montana 2 - Houston 1837 8
This league is powered by Out of the Park Baseball, the baseball management simulation game for PC, Mac and Linux
Friday, January 22nd, 2016 - OOTP Baseball 16.9 Build 39